 Dungeon Crawl Stone Soup version 0.28.0-53-g5a82cb258f (webtiles) character file.

Game seed: 11397447847532710586

49 Plasmagod the Chopper (level 3, 31/31 HPs)
             Began as a Minotaur Gladiator on July 19, 2022.
             Was a Follower of Kikubaaqudgha.
             Quit the game on level 2 of the Dungeon.
             The game lasted 00:02:34 (1633 turns).

Plasmagod the Chopper (Minotaur Gladiator)          Turns: 1633, Time: 00:02:34

Health: 31/31      AC:  5    Str: 20    XL:     3   Next: 51%
Magic:  2/2        EV: 12    Int:  5    God:    Kikubaaqudgha [*.....]
Gold:   57         SH:  0    Dex: 11    Spells: 2/2 levels left

rFire   . . .      SeeInvis .   a - +0 war axe
rCold   . . .      Faith    .   (no shield)
rNeg    . . .      Spirit   .   b - +0 leather armour
rPois   .          Reflect  .   c - +0 hat
rElec   .          Harm     .   (no cloak)
rCorr   .          Rampage  .   h - +0 pair of gloves
Will    .....                   p - +0 pair of boots
Stlth   +.........              (no amulet)
HPRegen 0.10/turn               (no ring)
MPRegen 0.08/turn               (no ring)

@: no status effects
A: horns 2, retaliatory headbutt
a: Renounce Religion, Receive Corpses


You were on level 2 of the Dungeon.
You worshipped Kikubaaqudgha.
Kikubaaqudgha was aware of your devotion.
You visited 1 branch of the dungeon, and saw 2 of its levels.

You collected 57 gold pieces.

Inventory:

Hand Weapons
 a - a +0 war axe (weapon)
Missiles
 d - 3 throwing nets (quivered)
Armour
 b - a +0 leather armour (worn)
 c - a +0 hat (worn)
 h - a +0 pair of gloves (worn)
 p - a +0 pair of boots (worn)
Jewellery
 g - a ring of flight
Scrolls
 e - 2 scrolls of immolation {unknown}
 k - a scroll of noise {unknown}
 n - 2 scrolls of identify {unknown}
 o - a scroll of torment {unknown}
Potions
 f - 2 potions of brilliance {unknown}
 i - a potion of haste {unknown}
 j - a potion of attraction {unknown}
 l - a potion of lignification {unknown}
 m - a potion of magic {unknown}


   Skills:
 + Level 3.3 Fighting
 + Level 4.0 Axes
 + Level 2.0 Throwing
 + Level 1.5 Armour
 + Level 3.8 Dodging


You had 2 spell levels left.
You didn't know any spells.
Your spell library contained the following spells:

 Spells                   Type           Power      Damage    Failure   Level
 Animate Skeleton         Necr           0%         N/A       52%         1
 Pain                     Necr           0%         1d4       52%         1
 Call Canine Familiar     Summ           0%         N/A       88%         3
 Portal Projectile        Hex/Tloc       0%         N/A       88%         3
 Vampiric Draining        Necr           0%         2d6       88%         3
 Leda's Liquefaction      Hex/Erth       0%         N/A       99%         4
 Agony                    Necr           0%         N/A       100%        5


Dungeon Overview and Level Annotations

Branches:
Dungeon (2/15)

Altars:
Kikubaaqudgha

Shops:
D:1 [


Innate Abilities, Weirdness & Mutations

You have a pair of horns on your head.
You reflexively headbutt those who attack you in melee.


Message History

You hit the rat.
You kill the rat!
No target in view!
You see here a rat corpse.
o - a scroll labelled HOOSIO CUIST An adder comes into view.
The adder hisses angrily.
An adder is nearby!
You hit the adder but do no damage. The adder misses you.
The adder closely misses you. You furiously retaliate!
You headbutt the adder! You slash the adder!
You kill the adder!
Your Axes skill increases to level 4!
You see here an adder corpse.
n - 2 scrolls labelled QUTWEO ZOTEOPT (gained 1)
A bat comes into view.
You hit the bat but do no damage. Your headbutt misses the bat.
The bat hits you but does no damage. The bat barely misses you.
You furiously retaliate!
You headbutt the bat!
You kill the bat!
Found a pair of boots.
You pick up a book of the Hunter and begin reading...
You add the spells Call Canine Familiar, Portal Projectile and Leda's Liquefaction to your library.
No target in view!
You see here a +0 pair of boots.
p - a +0 pair of boots You start putting on your armour.
You continue putting on your +0 pair of boots. x4
You finish putting on your +0 pair of boots.
You now have 57 gold pieces (gained 6).
Found a faded altar of an unknown god.
There is a faded altar of an unknown god here.
You cannot tell which god this altar belongs to.
Convert to them anyway?
Kikubaaqudgha accepts your prayer! Kikubaaqudgha welcomes you!
You can now receive cadavers from Kikubaaqudgha.
Kikubaaqudgha grants you a gift!
You add the spells Animate Skeleton, Pain, Vampiric Draining and Agony to your library.
Okay, then.
Are you sure you want to abandon this character and quit the game? (Confirm with "yes".)

### #.. ... #.#
...# #####
#.### ###
>.....
#...###.§§# #..
......
#.......@§# #.#
... #..
#...##.§§§# #.#
#.# #..#
##.###§§§.# #.#
#.# #... #.#
###### #.# #.#
##.# #####.#
##.## #.###.#.
#.....#
##...###....###
#.#####
#..#..##.###.#.
#.#
#.###....####.#
#.#
#..#..#...###.#


There were no monsters in sight!

Vanquished Creatures
  2 adders (D:2)
  2 dart slugs
  3 ball pythons (D:1)
  5 bats
  2 endoplasms (D:1)
  A giant cockroach (D:1)
  2 hobgoblins (D:1)
  A kobold (D:1)
  A quokka (D:1)
  8 rats
27 creatures vanquished.

Notes
Turn   | Place    | Note
-------+----------+-------------------------------------------
     0 | D:1      | Plasmagod the Minotaur Gladiator began the quest for the
                  | Orb.
     0 | D:1      | Reached XP level 1. HP: 18/18 MP: 0/0
   374 | D:1      | Reached XP level 2. HP: 25/25 MP: 1/1
   792 | D:1      | Found Serum's Armour Shoppe.
   981 | D:1      | Reached skill level 1 in Armour
  1263 | D:2      | Reached XP level 3. HP: 20/31 MP: 2/2
  1503 | D:2      | Reached skill level 4 in Axes
  1625 | D:2      | Found a faded altar of an unknown god.
  1632 | D:2      | Prayed at the altar of an unknown god.
  1632 | D:2      | Became a worshipper of Kikubaaqudgha
  1632 | D:2      | Reached * piety under Kikubaaqudgha
  1632 | D:2      | Received a gift from Kikubaaqudgha
  1633 | D:2      | Quit the game

Illustrated notes

Levels and vault maps discovered:
D:1:      amcnicky_arrival_wind_blow, layout_basic, serial_shops, shop,
          minmay_misc_feat_iff
D:2:      layout_loops_ring, ebering_ecumenical_altar_mist

Skill      XL: |  1  2  3 |
---------------+----------+-----
Fighting       | 3 |  3.3
Armour         | 1 |  1.5
Axes           | 4 |  4.0
Throwing       | |  2.0
Dodging        | |  3.8

Action                   || total
-------------------------++-------
Melee: War axe           ||    57
       Headbutt          ||     7
       Punch             ||     1
Armor: Leather armour    ||    24
Dodge: Dodged            ||    31
